 Dungeon Crawl Stone Soup version 0.30-a0-629-gd54f4be4f7 (webtiles) character file.

Game seed: 1075328265626449622

67368 Mitcholas the Markself (level 14, -1/86 (88) HPs)
             Began as a Deep Elf Hunter on Jan 11, 2023.
             Was the Champion of Okawaru.
             Slain by an emperor scorpion (18 damage)
             ... on level 1 of the Spider Nest on Jan 12, 2023.
             The game lasted 01:14:00 (16070 turns).

Mitcholas the Markself (Deep Elf Hunter)           Turns: 16070, Time: 01:14:00

HP:   -1/86 (88)    AC: 14    Str:  6    XL:     14   Next: 82%
MP:   24/24         EV: 20    Int: 16    God:    Okawaru [******]
Gold: 296           SH:  0    Dex: 22    Spells: 23/23 levels left

rFire   + . .      SeeInvis .    Q - +9 longbow of Xisoso {freeze, rF+ rCorr Str-2 Stlth+}
rCold   . . .      Faith    .    (shield currently unavailable)
rNeg    . . .      Spirit   .    f - +0 troll leather armour
rPois   +          Reflect  .    p - +0 helmet
rElec   .          Harm     .    v - +0 cloak
rCorr   +          Rampage  .    P - +0 pair of gloves
Will    +....                    q - +0 pair of boots
Stlth   ++++                     i - amulet of Vitality {RegenMP++ Regen++}
HPRegen 2.74/turn                x - +4 ring of protection
MPRegen 0.99/turn                E - ring of poison resistance

@: lethally poisoned (-1 -> -11), lightly drained
A: no striking features
a: Renounce Religion, Heroism, Finesse, Duel


You were on level 1 of the Spider Nest.
You worshipped Okawaru.
Okawaru was exalted by your worship.
You visited 6 branches of the dungeon, and saw 20 of its levels.

You collected 1976 gold pieces.
You spent 1680 gold pieces at shops.

Inventory:

Hand Weapons
 Q - the +9 longbow of Xisoso (weapon) {freeze, rF+ rCorr Str-2 Stlth+}
   (Okawaru gifted it to you on level 3 of the Lair of Beasts)

   Str:       It affects your strength (-2).
   rF:        It protects you from fire.
   rCorr:     It protects you from acid and corrosion.
   Stlth:     It makes you more stealthy.
 U - the +2 triple crossbow "Syiryo" {drain, Will+ MP+9 Int-5 Dex+2}
   (Okawaru gifted it to you on level 5 of the Lair of Beasts)

   Int:       It affects your intelligence (-5).
   Dex:       It affects your dexterity (+2).
   MP:        It affects your magic capacity (+9).
   Will:      It increases your willpower.
Missiles
 H - a throwing net
 M - 2 atropa-tipped darts
 X - 2 curare-tipped darts
Armour
 f - a +0 troll leather armour (worn)
 p - a +0 helmet (worn)
 q - a +0 pair of boots (worn)
 v - a +0 cloak (worn)
 P - a +0 pair of gloves (worn)
Jewellery
 i - the amulet of Vitality (around neck) {RegenMP++ Regen++}
   (You bought it in a shop on level 2 of the Orcish Mines)

   [amulet of magic regeneration]

   It increases your rate of magic regeneration.
   Regen:     It increases your rate of health regeneration.
 l - a ring of resist corrosion
 t - a +6 ring of dexterity
 x - a +4 ring of protection (left hand)
 E - a ring of poison resistance (right hand)
 Y - a ring of protection from cold
Wands
 D - a wand of roots (8)
 K - a wand of paralysis (1)
Scrolls
 b - 3 scrolls of immolation
 d - 4 scrolls of blinking
 g - 4 scrolls of amnesia
 h - 2 scrolls of vulnerability {unknown}
 k - 4 scrolls of poison
 m - 9 scrolls of teleportation
 u - a scroll of noise {unknown}
 y - 2 scrolls of summoning {unknown}
 A - 2 scrolls of fear
 B - a scroll of torment {unknown}
 C - 2 scrolls of enchant weapon {unknown}
 G - 2 scrolls of enchant armour {unknown}
 I - a scroll of magic mapping {unknown}
 S - a scroll of fog {unknown}
Potions
 a - 2 potions of attraction
 e - 4 potions of magic
 j - 3 potions of heal wounds
 n - 3 potions of mutation
 o - 3 potions of berserk rage
 r - 4 potions of haste
 s - 3 potions of might
 w - 4 potions of curing
 z - 3 potions of resistance
 F - a potion of cancellation {unknown}
 J - a potion of degeneration {unknown}
 L - 3 potions of lignification
 R - a potion of ambrosia {unknown}
 T - 2 potions of brilliance {unknown}
 W - a potion of invisibility {unknown}
Miscellaneous
 c - a lightning rod (1/4)
 N - a phial of floods
 O - a condenser vane (inert)


   Skills:
 + Level 10.8 Fighting
 * Level 20.2 Ranged Weapons
 - Level 6.0 Armour
 + Level 11.8 Dodging
 - Level 6.0 Stealth
 - Level 5.0 Spellcasting
 + Level 11.6 Invocations
 - Level 6.0 Evocations


You had 23 spell levels left.
You didn't know any spells.
Your spell library contained the following spells:

 Spells                   Type           Power      Damage    Failure   Level
 Magic Dart               Conj           16%        1d3       22%         1
 Sting                    Tmut/Pois      16%        1d3       22%         1
 Blink                    Tloc           8%         N/A       32%         2
 Ensorcelled Hibernation  Hex/Ice        8%         N/A       32%         2
 Momentum Strike          Conj/Tloc      8%         3d8       32%         2
 Poisonous Vapours        Pois/Air       8%         N/A       32%         2
 Ignite Poison            Fire/Tmut/Pois 4%         N/A       54%         3
 Lesser Beckoning         Tloc           8%         N/A       54%         3
 Mephitic Cloud           Conj/Pois/Air  4%         N/A       54%         3
 Spider Form              Tmut/Pois      4%         N/A       54%         3
 Stone Arrow              Conj/Erth      8%         3d7       54%         3
 Vhi's Electric Charge    Tloc/Air       8%         N/A       54%         3
 Anguish                  Hex/Necr       2%         N/A       91%         4
 Olgreb's Toxic Radiance  Pois           4%         N/A       91%         4
 Sticky Flame             Conj/Fire      4%         2d3       91%         4
 Arcjolt                  Conj/Air       2%         1d12      99%         5
 Eringya's Noxious Bog    Tmut/Pois      2%         N/A       100%        6
 Ignition                 Fire           2%         3d3       100%        8
 Lehudib's Crystal Spear  Conj/Erth      2%         10d2      100%        8
 Maxwell's Capacitive Co  Air            2%         ∞         100%        8
 Call Imp                 Summ           Unusable   N/A       N/A         2
 Animate Armour           Summ/Erth      Unusable   N/A       N/A         4
 Summon Forest            Summ/Tloc      Unusable   N/A       N/A         5
 Summon Hydra             Summ           Unusable   N/A       N/A         7

Dungeon Overview and Level Annotations

Branches:
Dungeon (10/15)            Temple (1/1) D:4            Lair (5/5) D:10
  Swamp (1/4) Lair:3       Spider (1/4) Lair:3        Slime (0/5) Lair:4
    Orc (2/2) D:9             Elf (0/3) Orc:2

Altars:
Ashenzari
Cheibriados
Dithmenos
Elyvilon
Fedhas
Gozag
Hepliaklqana
Kikubaaqudgha
Makhleb
Nemelex Xobeh
Okawaru
Qazlal
Ru
Sif Muna
Trog
Uskayaw
Vehumet
Wu Jian
Xom
Yredelemnul
Zin
The Shining One
Jiyva
Lugonu

Shops:
D:2 :   D:6 !   Orc:1 [   Orc:2 [*(=

Portals:
Abyss: Lair:5

Annotations:
Lair:1 2 runed translucent doors, Mioskyna's ghost, journeyman OpBe


Message History

The emperor scorpion stings you!!
The emperor scorpion completely misses you.
The emperor scorpion claws you.
Aiming: Thunderbolt
Press: ? - help, Shift-Dir - straight line, f - jorogumo, p - emperor scorpion
Aim: a jorogumo (severely wounded)
The thunderbolt hits the emperor scorpion but does no damage.
The emperor scorpion is lightly wounded.
The thunderbolt hits the jorogumo!
The jorogumo is almost dead.
You hear an angry buzzing noise.
You hear a skittering sound.
The emperor scorpion stings you!
You are poisoned.
The emperor scorpion poisons you! The emperor scorpion claws you.
The emperor scorpion barely misses you.
Aiming: Thunderbolt
Press: ? - help, Shift-Dir - straight line, f/p - jorogumo
Aim: a jorogumo (almost dead)
The thunderbolt hits the emperor scorpion!
The emperor scorpion is moderately wounded.
The thunderbolt hits the jorogumo!
You kill the jorogumo!
Okawaru accepts your kill.
* * * LOW HITPOINT WARNING * * *
You feel extremely sick.
You hear an angry buzzing noise.
The emperor scorpion misses you.
The emperor scorpion claws you but does no damage. x2
Aiming: Thunderbolt
Press: ? - help, Shift-Dir - straight line, f - emperor scorpion
Aim: an emperor scorpion (moderately wounded)
The thunderbolt hits the emperor scorpion!
The emperor scorpion is heavily wounded.
You feel extremely sick.
You hear a skittering sound.
A spark wasp comes into view.
The emperor scorpion completely misses you.
The emperor scorpion claws you but does no damage.
The emperor scorpion barely misses you. The emperor scorpion stings you!!
You die...

.#####..######..†#####...#####...
.# ##.# #.†## ##.## ##.. ## ..#
#..## #..## #..# # .# ##.^# #...#
##.# # # #...# .##### #..# #
#...# .# ##.. # #..## s.# #... ##
. ##..##..# ##.# .# .# #..@#...#
#####^# .#... #y.#s...# #..#..#
.... ............... #....## ##..
.......#.#.#....#.##.†.. .# #
############ ### ##... ## #... ##
##.. .# ##.. ## #...


You could see an emperor scorpion and a spark wasp.

Vanquished Creatures
  2 emperor scorpions (Spider:1)
  2 orc warlords (Orc:2)
  An eleionoma (Swamp:1)
  2 bunyips
  An ettin (Orc:1)
  An entropy weaver (Spider:1)
  3 hydras (Lair:5)
  A jorogumo (Spider:1)
  A boulder beetle (Spider:1)
  A death scarab (Spider:1)
  A two-headed ogre (D:7)
  2 orc high priests (Orc:2)
  2 thrashing horrors (Lair:5)
  Sonja (Lair:5)
  Nergalle (Lair:2)
  A pharaoh ant (Lair:3)
  2 bog bodies (Lair:3)
  Pikel (D:6)
  4 wolf spiders (Spider:1)
  5 orc knights
  5 orc sorcerers (Orc:2)
  An oklob plant (Lair:4)
  A will-o-the-wisp (Lair:3)
  4 black mambas
  6 elephants
  4 smoke demons (Lair:5)
  8 cane toads
  5 torpor snails
  6 komodo dragons
  A kobold demonologist (D:10)
  4 rime drakes
  An ancient zyme (Lair:5)
  5 trolls
  2 tyrant leeches
  A hornet (Swamp:1)
  19 blink frogs
  A polar bear (Lair:5)
  7 tarantellas
  10 dream sheep
  A jumping spider (Spider:1)
  3 culicivoras (Spider:1)
  A shadow (D:10)
  A wraith (D:10)
  A ynoxinul (Lair:5)
  2 spriggans
  6 basilisks
  2 wyverns
  45 yaks
  A chaos spawn (Lair:5)
  14 redbacks
  Grum (D:8)
  3 steam dragons
  4 wargs
  3 large abominations (Lair:5)
  A swamp worm (Lair:3)
  11 water moccasins
  An acid dragon (D:10)
  27 orc warriors
  An ice beast (D:7)
  A sky beast (D:6)
  2 black bears
  A black bear (shapeshifter) (Lair:5)
  12 ogres
  15 wolves
  4 centaurs
  A kobold brigand (D:6)
  A phantom (D:4)
  Blork the orc (D:4)
  A scorpion (D:6)
  2 gnoll sergeants
  13 bullfrogs
  2 necrophages
  9 small abominations (Lair:5)
  5 wights
  18 killer bees
  4 howler monkeys
  5 electric eels
  11 hounds
  3 jellies
  12 orc priests
  5 iguanas
  19 orc wizards
  17 hell rats
  8 gnolls
  14 adders
  A white imp (D:4)
  4 worms
  3 dart slugs
  78 orcs
  3 bats
  10 endoplasms
  5 giant cockroaches
  10 goblins
  7 hobgoblins
  4 quokkas
  5 ball pythons
  3 frilled lizards
  12 kobolds
  14 rats
600 creatures vanquished.

Vanquished Creatures (others)
  6 foxfires (Lair:3)
  53 fungi
  47 plants
106 creatures vanquished.

Grand Total: 706 creatures vanquished

Notes
Turn   | Place    | Note
-------+----------+-------------------------------------------
     0 | D:1      | Mitcholas the Deep Elf Hunter began the quest for the Orb.
     0 | D:1      | Reached XP level 1. HP: 12/12 MP: 3/3
    93 | D:1      | Reached XP level 2. HP: 17/17 MP: 4/4
   478 | D:1      | You fall into a shaft and drop 1 floor!
   508 | D:2      | Reached XP level 3. HP: 21/21 MP: 5/5
   609 | D:2      | Found Jiseliug's Vocational Training.
   656 | D:2      | Reached skill level 6 in Ranged Weapons
   941 | D:2      | Reached XP level 4. HP: 26/26 MP: 6/6
  1120 | D:2      | Found a faded altar of an unknown god.
  1159 | D:2      | Reached skill level 1 in Armour
  1171 | D:2      | Found an opulent altar of Gozag.
  1610 | D:3      | Found an opulent altar of Gozag.
  2003 | D:3      | Reached XP level 5. HP: 30/30 MP: 7/7
  2258 | D:3      | HP: 1/30 [something (3)]
  2318 | D:4      | Found a broken altar of Ashenzari.
  2324 | D:4      | Found an iron altar of Okawaru.
  2328 | D:4      | Found a bloodstained altar of Trog.
  2330 | D:4      | Became a worshipper of Warmaster Okawaru
  2345 | D:4      | Noticed a phantom
  2351 | D:4      | Killed a phantom
  2352 | D:4      | Reached skill level 7 in Ranged Weapons
  2352 | D:4      | Reached XP level 6. HP: 36/36 MP: 8/8
  2427 | D:4      | Noticed Blork the orc
  2443 | D:4      | HP: 1/36 [Blork the orc/+0 dire flail (2)]
  2444 | D:4      | Killed Blork the orc
  2562 | D:4      | Reached * piety under Okawaru
  2570 | D:4      | Found a staircase to the Ecumenical Temple.
  2592 | Temple   | Entered the Ecumenical Temple
  2786 | D:5      | Entered Level 5 of the Dungeon
  2877 | D:5      | Reached XP level 7. HP: 40/40 MP: 9/9
  2941 | D:5      | Reached skill level 8 in Ranged Weapons
  3181 | D:5      | Reached skill level 5 in Dodging
  3205 | D:5      | Reached ** piety under Okawaru
  3283 | D:5      | Reached skill level 9 in Ranged Weapons
  3283 | D:5      | Reached XP level 8. HP: 46/46 MP: 10/10
  3965 | D:6      | Noticed Pikel
  3990 | D:5      | Reached skill level 10 in Ranged Weapons
  4074 | D:6      | Reached *** piety under Okawaru
  4167 | D:6      | Reached XP level 9. HP: 41/52 MP: 11/11
  4279 | D:6      | Reached skill level 11 in Ranged Weapons
  4354 | D:6      | Killed Pikel
  4354 | D:6      | Reached **** piety under Okawaru
  4403 | D:6      | Found Fyise's Distillery.
  4866 | D:7      | Reached skill level 5 in Fighting
  4881 | D:7      | Reached skill level 12 in Ranged Weapons
  5113 | D:7      | Reached skill level 1 in Invocations
  5191 | D:7      | Reached skill level 1 in Evocations
  6153 | D:8      | Noticed a two-headed ogre
  6207 | D:8      | Noticed Grum
  6260 | D:7      | Reached ***** piety under Okawaru
  6292 | D:7      | Killed a two-headed ogre
  6292 | D:7      | Received a gift from Okawaru
  6293 | D:7      | Reached skill level 13 in Ranged Weapons
  6293 | D:7      | Reached XP level 10. HP: 12/60 MP: 13/13
  6679 | D:8      | Killed Grum
  6689 | D:8      | Found an ornate altar of the Wu Jian Council.
  7334 | D:9      | Reached skill level 14 in Ranged Weapons
  7697 | D:9      | Found a staircase to the Orcish Mines.
  8039 | D:10     | Entered Level 10 of the Dungeon
  8209 | D:10     | Reached XP level 11. HP: 64/66 MP: 16/16
  8287 | D:10     | Found a staircase to the Lair.
  8443 | D:10     | Reached ****** piety under Okawaru
  8443 | D:10     | Received a gift from Okawaru
  8952 | Lair:1   | Entered Level 1 of the Lair of Beasts
  9017 | Lair:1   | Reached skill level 5 in Invocations
  9023 | Lair:1   | Reached skill level 15 in Ranged Weapons
  9023 | Lair:1   | Reached skill level 5 in Evocations
  9371 | Lair:1   | Found a large runed translucent door.
  9371 | Lair:1   | Found a large runed translucent door.
  9375 | Lair:1   | Noticed Mioskyna's ghost (journeyman OpBe)
  9447 | Lair:1   | Reached skill level 10 in Dodging
  9736 | Lair:2   | Noticed Nergalle
  9742 | Lair:2   | Killed Nergalle
  9853 | Lair:2   | Reached skill level 16 in Ranged Weapons
 10010 | Lair:2   | Received a gift from Okawaru
 10301 | Lair:3   | Reached XP level 12. HP: 72/72 MP: 18/18
 10484 | Lair:3   | Reached skill level 17 in Ranged Weapons
 10565 | Lair:3   | Received a gift from Okawaru
 10616 | Lair:3   | Found a staircase to the Swamp.
 10797 | Lair:3   | Found a hole to the Spider Nest.
 10805 | Lair:3   | Reached skill level 18 in Ranged Weapons
 11011 | Lair:3   | Identified the +9 longbow of Xisoso {freeze, rF+ rCorr
                  | Str-2 Stlth+} (Okawaru gifted it to you on level 3 of the
                  | Lair of Beasts)
 11011 | Lair:3   | Received a gift from Okawaru
 11376 | Lair:4   | Found a viscous altar of Jiyva.
 11378 | Lair:4   | Found a staircase to the Slime Pits.
 11445 | Lair:4   | Reached XP level 13. HP: 79/80 MP: 21/21
 12145 | Lair:5   | Entered Level 5 of the Lair of Beasts
 12182 | Lair:5   | Reached skill level 10 in Invocations
 12203 | Lair:5   | Identified the +2 triple crossbow "Syiryo" {drain, Will+
                  | MP+9 Int-5 Dex+2} (Okawaru gifted it to you on level 5 of
                  | the Lair of Beasts)
 12203 | Lair:5   | Received a gift from Okawaru
 12280 | Lair:5   | Reached skill level 1 in Spellcasting
 12676 | Lair:5   | Noticed Sonja
 12678 | Lair:5   | Killed Sonja
 13119 | Lair:5   | Reached skill level 5 in Stealth
 13185 | Lair:5   | Reached skill level 10 in Fighting
 13251 | Lair:5   | Identified the +7 hand crossbow "Hirakoal" {elec, Contam
                  | rC+ rN+ Str+2} (Okawaru gifted it to you on level 5 of the
                  | Lair of Beasts)
 13251 | Lair:5   | Received a gift from Okawaru
 13426 | Lair:5   | Found a corrupted altar of Lugonu.
 13440 | Lair:5   | Found a one-way gate to the infinite horrors of the Abyss.
 13705 | Orc:1    | Entered Level 1 of the Orcish Mines
 13725 | Orc:1    | Noticed an ettin
 13734 | Orc:1    | Killed an ettin
 13804 | Orc:1    | Found Petoj's Armour Boutique.
 13843 | Orc:1    | Identified the +6 plate armour "Gitith" {rN+} (Okawaru
                  | gifted it to you on level 1 of the Orcish Mines)
 13843 | Orc:1    | Received a gift from Okawaru
 14101 | Orc:2    | Entered Level 2 of the Orcish Mines
 14109 | Orc:2    | Reached XP level 14. HP: 88/88 MP: 23/23
 14117 | Orc:2    | Reached skill level 5 in Armour
 14121 | Orc:2    | Found Keruud's Jewellery Shoppe.
 14129 | Orc:2    | Upgraded the game from 0.30-a0-626-gd6a5dd7a1f to
                  | 0.30-a0-629-gd54f4be4f7
 14280 | Orc:1    | Found a burning altar of Makhleb.
 14348 | Orc:2    | Found a staircase to the Elven Halls.
 14355 | Orc:2    | Reached skill level 19 in Ranged Weapons
 14503 | Orc:2    | Noticed an orc warlord
 14537 | Orc:2    | Noticed an orc warlord
 14538 | Orc:2    | Killed an orc warlord
 14583 | Orc:2    | Killed an orc warlord
 14584 | Orc:2    | Reached skill level 5 in Spellcasting
 14663 | Orc:2    | Found Juchifoch's General Store.
 14780 | Orc:2    | Found Ukliez's Antique Armour Shoppe.
 14823 | Orc:2    | Found Nefetex's Antique Weapon Shop.
 15217 | Orc:2    | Bought a ring of poison resistance for 280 gold pieces
 15217 | Orc:2    | Bought the amulet of Vitality {RegenMP++ Regen++} for 1400
                  | gold pieces
 15217 | Orc:2    | Found the amulet of Vitality {RegenMP++ Regen++}
 15389 | Swamp:1  | Entered Level 1 of the Swamp
 15397 | Swamp:1  | Identified the +0 cloak "Waaloa" {rElec rN+ Dex-3} (Okawaru
                  | gifted it to you on level 1 of the Swamp)
 15397 | Swamp:1  | Received a gift from Okawaru
 15499 | Lair:3   | HP: 4/88 [tyrant leech (23)]
 15634 | Spider:1 | Entered Level 1 of the Spider Nest
 15866 | Spider:1 | Reached skill level 20 in Ranged Weapons
 15909 | Spider:1 | Noticed an emperor scorpion
 15916 | Spider:1 | Noticed an emperor scorpion
 15923 | Spider:1 | Killed an emperor scorpion
 15937 | Spider:1 | Killed an emperor scorpion
 16063 | Spider:1 | Noticed an emperor scorpion
 16070 | Spider:1 | Slain by an emperor scorpion

Illustrated notes

Levels and vault maps discovered:
D:1:      amcnicky_arrival_flooded_fountain, layout_loops_ring
D:2:      layout_basic, dilly_ecumenical_altar_fadedgnrine, basic_altar,
          nicolae_shop_vocational
D:3:      minmay_razor_zed, layout_basic, mainiacjoe_overflow_24_doors
D:4:      layout_gridville, gammafunk_temple_overflow_forgotten,
          minmay_temple_entry_waves, feat_on_display, uniq_blork_the_orc
D:5:      layout_gridville
D:6:      layout_cave_pods, serial_shops, shop, chequers_serial_rivers_room_b,
          minmay_fractal_squares_diagonal_5, uniq_pikel
D:7:      layout_layer_cave
D:8:      layout_layer_cave, mainiacjoe_overflow_cross_hatched, uniq_grum
D:9:      layout_gridville, hiddenorc1_lemuel
D:10:     layout_stronghold, erik_lair_island, chequers_serial_rivers_micro_e
Temple:   sentei_temple_godly_chess
Lair:1:   layout_gridlike, ebering_ghost_disaster_area, lemuel_fruit_tree
Lair:2:   wander_river, layout_gridlike, uniq_nergalle
Lair:3:   layout_chaotic_city, skrybe_swamp_entry_bodies,
          nicolae_spider_entry_lesser_pyramids, hangedman_lair_unloving_vines,
          chequers_serial_rivers_small_b, grunt_megastairs_3
Lair:4:   layout_regular_city, nicolae_slime_entry_slimehenge,
          serial_bayou_shore_b
Lair:5:   hellmonk_lair_end_abyssal_woods, layout_cave_pods, uniq_sonja
Swamp:1:  layout_basic_swamp, evilmike_swamp_ruin_wall
Spider:1: nicolae_spider_hilbert_zone_1 [nicolae_spider_hilbert_4_sides_1_open,
          nicolae_spider_hilbert_4_sides_1_open,
          nicolae_spider_hilbert_4_sides_1_open,
          nicolae_spider_hilbert_4_sides_1_open,
          nicolae_spider_hilbert_3_sides_1_open,
          nicolae_spider_hilbert_3_sides_1_open,
          nicolae_spider_hilbert_3_sides_1_open,
          nicolae_spider_hilbert_3_sides_1_open,
          nicolae_spider_hilbert_3_sides_1_open,
          nicolae_spider_hilbert_6_sides_1_open,
          nicolae_spider_hilbert_6_sides_1_open,
          nicolae_spider_hilbert_3_sides_1_open,
          nicolae_spider_hilbert_3_sides_1_open,
          nicolae_spider_hilbert_3_sides_1_open,
          nicolae_spider_hilbert_3_sides_1_open,
          nicolae_spider_hilbert_2_sides_1_open]
Orc:1:    layout_caves, serial_shops, shop_fountains, bloody_makhleb
Orc:2:    grunt_orc_gardens, layout_caves, grunt_orc_garden, grunt_orc_garden,
          grunt_orc_garden, grunt_orc_garden, basic_altar

Skill      XL: |  1  2  3  4  5  6  7  8  9 10 11 12 13 14 |
---------------+-------------------------------------------+-----
Dodging        | 3 4 5 6 8 9 10 11 | 11.8
Stealth        | 2 3 4 6 |  6.0
Ranged Weapons | 6 7 9 10 13 14 16 18 20 | 20.2
Fighting       | 2 3 4 5 6 7 9 10 | 10.8
Armour         | 1 2 4 6 |  6.0
Invocations    | 2 4 6 9 10 11 | 11.6
Evocations     | 2 4 6 |  6.0
Spellcasting   | 4 5 |  5.0

Action                   |  1- 3 |  4- 6 |  7- 9 | 10-12 | 13-15 || total
-------------------------+-------+-------+-------+-------+-------++-------
Melee: Shortbow          |       |     4 |     1 |       |       ||     5
 Fire: Shortbow          |   101 |   167 |   500 |       |       ||   768
       Arbalest          |       |       |       |   540 |       ||   540
       Longbow           |       |       |       |    33 |   732 ||   765
       Triple crossbow   |       |       |       |       |     1 ||     1
Invok: Heroism           |       |       |       |       |     3 ||     3
       Finesse           |       |       |       |       |     1 ||     1
Evoke: Wand              |       |       |    16 |       |     8 ||    24
       Lightning rod     |       |       |       |       |     3 ||     3
       Condenser vane    |       |       |       |       |     1 ||     1
  Use: Potion            |       |     1 |       |       |     5 ||     6
       Scroll            |       |     1 |       |     7 |     5 ||    13
Armor: Leather armour    |     6 |    19 |   107 |    11 |       ||   143
       Troll leather arm |       |       |       |    86 |    66 ||   152
Dodge: Dodged            |    20 |    40 |   268 |   345 |   206 ||   879

Table legend: (Time is in decaauts)
 A = Elapsed time spent in this place.
 B = Non-inter-level travel time spent in this place.
 C = Inter-level travel time spent in this place.
 D = Time resting spent in this place.
 E = Time spent auto-exploring this place.
 F = Levels seen in this place.
 G = Mean time per level.
                   A        B        C        D        E       F      G
               +--------+--------+--------+--------+--------+-----+--------+
         Total |  16095 |  14926 |   1169 |    796 |  10298 |  20 |  804.8 |
       Dungeon |   9164 |   8573 |    591 |    504 |   6075 |  10 |  916.4 |
        Temple |      7 |      4 |      3 |      0 |      2 |   1 |    7.0 |
          Lair |   4964 |   4460 |    504 |    209 |   3027 |   5 |  992.8 |
         Swamp |     68 |     68 |      0 |      0 |      5 |   1 |   68.0 |
   Spider Nest |    406 |    406 |      0 |     36 |    203 |   1 |  406.0 |
  Orcish Mines |   1483 |   1413 |     70 |     47 |    985 |   2 |  741.5 |
               +--------+--------+--------+--------+--------+-----+--------+

Top non-repeatable levels by time:
  Lair:5: 1425 daAuts
     D:7: 1356 daAuts
     D:6: 1272 daAuts
  Lair:3: 1127 daAuts
     D:8: 1074 daAuts
    D:10: 942 daAuts
     D:5: 886 daAuts
   Orc:2: 885 daAuts
  Lair:4: 862 daAuts
     D:2: 802 daAuts
  Lair:1: 801 daAuts
     D:9: 771 daAuts
     D:1: 760 daAuts
  Lair:2: 748 daAuts
     D:3: 737 daAuts
